 Dungeon Crawl Stone Soup version 0.19.1 (webtiles) character file.

107 galech the Shield-Bearer (level 5, 0/41 HPs)
             Began as a Human Fighter on Dec 5, 2016.
             Was an Initiate of the Shining One.
             Killed by nerve-wracking pain
             ... invoked by Grinder
              (11 damage)
             ... on level 3 of the Dungeon.
             The game lasted 00:15:06 (2806 turns).

galech the Shield-Bearer (Human Fighter)            Turns: 2806, Time: 00:15:07

Health: 0/41       AC:  7    Str: 17    XL:     5   Next: 11%
Magic:  5/5        EV:  8    Int:  7    God:    the Shining One [......]
Gold:   104        SH:  9    Dex: 12    Spells: 0 memorised, 4 levels left

rFire  . . .     SeeInvis .     a - +0 trident
rCold  . . .     Gourm    .     s - +0 ring mail (curse)
rNeg   . . .     Faith    .     c - +0 shield
rPois  .         Spirit   .     (no helmet)
rElec  .         Reflect  .     (no cloak)
rCorr  .         Harm     .     w - +0 pair of gloves
MR     .....                    (no boots)
Stlth  +.........               (no amulet)
                                j - ring of wizardry
                                i - -2 ring of intelligence (curse)

@: glowing
A: no striking features
a: Renounce Religion


You were on level 3 of the Dungeon.
You worshipped the Shining One.
The Shining One was noncommittal.
You were not hungry.

You visited 1 branch of the dungeon, and saw 3 of its levels.

You collected 104 gold pieces.

Inventory:

Hand Weapons
 a - a +0 trident (weapon)
 t - a +1 mace of pain
Armour
 b - a +0 scale mail
 c - a +0 shield (worn)
 s - a cursed +0 ring mail (worn)
 w - a +0 pair of gloves (worn)
Jewellery
 i - a cursed -2 ring of intelligence (left hand)
 j - a ring of wizardry (right hand)
Wands
 C - a wand of teleportation (7/9)
Scrolls
 e - a scroll of amnesia {unknown}
 g - a scroll of blinking
 h - a scroll of fear {unknown}
 k - a scroll of immolation {unknown}
 l - a scroll of remove curse {unknown}
 u - a scroll of magic mapping {unknown}
 x - 3 scrolls of recharging {unknown}
 y - a scroll of random uselessness {unknown}
 B - a scroll of enchant weapon {unknown}
Potions
 d - a potion of might
 m - a potion of lignification {unknown}
 o - a potion of degeneration {unknown}
 p - a potion of curing {unknown}
 r - a potion of heal wounds {unknown}
 A - a potion of berserk rage {unknown}
Comestibles
 f - a bread ration
 n - a beef jerky
 q - a slice of pizza
 v - 4 meat rations
 z - 2 fruits


   Skills:
 + Level 3.3 Fighting
 + Level 2.9 Polearms
 + Level 3.7 Armour
 + Level 0.8 Dodging
 + Level 0.2 Stealth
 + Level 3.8 Shields


You had 4 spell levels left.
You didn't know any spells.

Dungeon Overview and Level Annotations

Branches:
Dungeon (3/15)

Altars:
Fedhas
Vehumet
The Shining One

Annotations:
D:3 Grinder


Message History

Grinder gestures at you. You resist with significant effort.
You hit Grinder but do no damage. Grinder hits you but does no damage.
You hit Grinder but do no damage. Grinder barely misses you.
Grinder blinks!
Grinder blinks!
Grinder barely misses you.
You barely miss Grinder. You block Grinder's attack.
You barely miss Grinder. Grinder hits you!
You writhe in agony.
* * * LOW HITPOINT WARNING * * *
You puncture Grinder!
Grinder is lightly wounded.
You block Grinder's attack.
You hit Grinder.
Grinder is moderately wounded.
Grinder blinks!
Grinder blinks!
You see here a spear.
Grinder gestures at you. Pain shoots through your body!
You die...

####.# #.#.<#...............
...#.## #.#..#....##.........
##.#..# #.#..#.#####..#######
##.##.# #####'#..#.# ###..#
...##.# #........#.# #....#
#####.# #........#.# #....#
......# #.......)'.# #....#
#########..ยง...5.#####....##
........'.......@'...'.....#
#########........#####.....######
# #........# #.....#..... #
#........# #.......#### #
########## ###5..#...## # #
#..........# # # #.#.####...# # #
#5#....#.>.# # # #.#.##.###.###


You could see Grinder.

Vanquished Creatures
  A jelly (D:3)
  3 adders (D:2)
  2 worms
  A leopard gecko (D:2)
  3 giant cockroaches (D:1)
  4 hobgoblins
  6 jackals (D:3)
  7 kobolds
  A quokka (D:3)
  8 bats
  2 frilled lizards (D:2)
  2 goblins
  3 rats
43 creatures vanquished.

Vanquished Creatures (others)
  An adder (D:2)
  A bat (D:2)
  A quokka (D:2)
3 creatures vanquished.

Grand Total: 46 creatures vanquished

Notes
Turn   | Place    | Note
-------+----------+-------------------------------------------
     0 | D:1      | galech the Human Fighter began the quest for the Orb.
     0 | D:1      | Reached XP level 1. HP: 18/18 MP: 1/1
   220 | D:1      | Reached XP level 2. HP: 24/24 MP: 2/2
   271 | D:1      | Found a glowing golden altar of the Shining One.
   745 | D:1      | Became a worshipper of the Shining One
   997 | D:2      | Reached XP level 3. HP: 20/29 MP: 3/3
  1161 | D:2      | Found a radiant altar of Vehumet.
  1437 | D:2      | Reached XP level 4. HP: 29/35 MP: 4/4
  1609 | D:2      | Found a blossoming altar of Fedhas.
  2290 | D:3      | Reached XP level 5. HP: 32/41 MP: 5/5
  2400 | D:3      | Noticed Grinder
  2412 | D:3      | Paralysed by Grinder for 2 turns
  2418 | D:3      | Paralysed by Grinder for 7 turns
  2432 | D:3      | Paralysed by Grinder for 2 turns
  2465 | D:3      | HP: 2/41 [Grinder/nerve-wracking pain (5)]
  2806 | D:3      | Killed from afar by Grinder

Action                   |  1- 3 |  4- 6 || total
-------------------------+-------+-------++-------
Melee: Trident           |    77 |    82 ||   159
  Use: Scroll            |     1 |       ||     1
  Eat: Chunk             |     1 |     4 ||     5
       Bread ration      |       |     1 ||     1
Armor: Scale mail        |    23 |       ||    23
       Ring mail         |    12 |    48 ||    60
Dodge: Dodged            |    30 |    38 ||    68
Block: Shield            |    42 |    69 ||   111
